[ AOE2 MATCH · #513776573 ]
UnrankedTeutons vs Bulgarians
Player's team · LOSS
[ REPLAY ANALYSIS · EXTRACTED FROM THE RECORDED GAME ]
Feudal
9:31
Castle
43:21
Imperial
—
| APM avg | 63.8 |
| APM peak | 123 |
| eAPM avg | 28.5 |
| Villagers / military | 112 / 33 |
Focus
⚔️ 31.4% · 🌾 68.6%
Ballestero montado ×12 · Scout Cavalry ×10 · Mangonel ×4 · Militia ×3 · Knight ×2 · Spearman ×2
Feudal
8:54
Castle
28:38
Imperial
—
| APM avg | 30.5 |
| APM peak | 69 |
| eAPM avg | 18.4 |
| Villagers / military | 96 / 48 |
Focus
⚔️ 30.6% · 🌾 69.4%
Spearman ×26 · Konnik ×12 · Mangonel ×4 · Scout Cavalry ×4 · Skirmisher ×2
Match map
Initial resources + every placement click. Lines = walls · curves = elevation contours. ◆ gold · ⬟ stone · ● berries · ✦ relic · ◌ wall gap
Your base· Open — unwalled flank
Dodo's base· Open — unwalled flank
Smoothed initial terrain · ◌ = detected wall gap · hover for details
Inputs per minute
— nQRLY - - Dodo
Build order — nQRLY
First 150 of 271 actions detected
| 0:00 | Queue | Villager (Male) ×4 |
| 0:02 | Build | House |
| 0:03 | Build | House |
| 1:23 | Queue | Villager (Male) |
| 1:49 | Build | Lumber Camp |
| 2:02 | Queue | Villager (Male) |
| 2:27 | Queue | Villager (Male) |
| 2:46 | Queue | Villager (Male) |
| 3:06 | Build | House |
| 3:11 | Build | House |
| 3:13 | Queue | Villager (Male) |
| 3:26 | Queue | Villager (Male) |
| 4:01 | Queue | Villager (Male) |
| 4:20 | Queue | Villager (Male) |
| 4:37 | Queue | Villager (Male) |
| 4:50 | Queue | Villager (Male) |
| 5:53 | Build | House |
| 6:04 | Research | Loom |
| 6:31 | Queue | Villager (Male) |
| 6:37 | Build | Barracks |
| 6:49 | Queue | Villager (Male) |
| 7:12 | Build | Mining Camp |
| 7:18 | Research | Feudal Age |
| 7:54 | Queue | Militia |
| 8:06 | Queue | Militia |
| 8:44 | Queue | Militia |
| 8:46 | Queue | Villager (Male) |
| 9:00 | Build | Palisade Wall |
| 9:02 | Build | Palisade Wall |
| 9:18 | Queue | Villager (Male) |
| 9:31 | Age | Feudal Age |
| 9:33 | Build | Watch Tower |
| 9:44 | Build | House |
| 10:14 | Build | Watch Tower |
| 10:16 | Queue | Villager (Male) |
| 10:30 | Build | Palisade Wall |
| 10:31 | Build | Palisade Wall |
| 10:35 | Build | Palisade Wall |
| 10:37 | Build | Palisade Wall |
| 11:22 | Build | Watch Tower |
| 11:26 | Build | Palisade Wall |
| 11:27 | Build | Palisade Wall |
| 11:33 | Build | Palisade Wall |
| 11:35 | Build | Palisade Wall |
| 11:36 | Build | Palisade Wall |
| 11:38 | Build | Palisade Wall |
| 11:39 | Build | Palisade Wall |
| 11:42 | Build | Palisade Wall |
| 11:51 | Queue | Villager (Male) |
| 12:04 | Queue | Spearman |
| 12:21 | Build | Watch Tower |
| 12:29 | Build | Watch Tower |
| 12:40 | Build | Mill |
| 13:29 | Build | Palisade Wall |
| 13:31 | Build | Palisade Wall |
| 13:36 | Build | Palisade Wall |
| 13:38 | Build | Palisade Wall |
| 13:41 | Build | Palisade Wall |
| 13:46 | Build | Watch Tower |
| 13:51 | Build | Watch Tower |
| 13:59 | Queue | Villager (Male) |
| 14:35 | Build | Palisade Wall |
| 14:36 | Build | Palisade Wall |
| 14:38 | Build | Palisade Wall |
| 14:40 | Build | Palisade Wall |
| 14:54 | Build | Watch Tower |
| 15:00 | Build | Watch Tower |
| 15:11 | Queue | Spearman |
| 15:35 | Build | Palisade Wall |
| 15:38 | Build | Palisade Wall |
| 15:41 | Build | Palisade Wall |
| 16:00 | Queue | Villager (Male) |
| 16:56 | Build | Lumber Camp |
| 17:02 | Queue | Villager (Male) |
| 17:32 | Queue | Villager (Male) |
| 18:02 | Queue | Villager (Male) |
| 18:23 | Build | Watch Tower |
| 18:24 | Queue | Villager (Male) |
| 18:30 | Build | Farm |
| 18:36 | Build | House |
| 19:33 | Queue | Villager (Male) ×2 |
| 19:35 | Build | Watch Tower |
| 20:00 | Build | Market |
| 20:40 | Queue | Villager (Male) |
| 21:00 | Build | Mining Camp |
| 21:24 | Queue | Villager (Male) |
| 21:25 | Queue | Villager (Male) |
| 21:51 | Build | Farm |
| 23:13 | Queue | Villager (Male) ×3 |
| 24:43 | Build | Watch Tower |
| 25:45 | Queue | Villager (Male) |
| 26:04 | Build | Watch Tower |
| 26:08 | Build | House |
| 26:10 | Build | Palisade Wall |
| 26:11 | Build | Palisade Wall |
| 26:20 | Queue | Villager (Male) |
| 26:20 | Queue | Villager (Male) |
| 26:31 | Build | Blacksmith |
| 27:14 | Build | Watch Tower |
| 27:22 | Build | Farm |
| 27:26 | Build | Farm |
| 27:35 | Build | Watch Tower |
| 27:37 | Build | Watch Tower |
| 27:41 | Build | Palisade Wall |
| 27:44 | Build | Palisade Wall |
| 27:46 | Build | Palisade Wall |
| 27:50 | Queue | Villager (Male) |
| 27:52 | Build | Farm |
| 27:55 | Build | Farm |
| 28:12 | Queue | Villager (Male) |
| 28:26 | Queue | Villager (Male) |
| 28:35 | Research | Fletching |
| 28:40 | Build | Farm |
| 28:46 | Build | Watch Tower |
| 28:54 | Build | Palisade Wall |
| 29:05 | Build | Farm |
| 29:06 | Build | Farm |
| 29:34 | Queue | Villager (Male) |
| 29:53 | Build | Mill |
| 29:55 | Build | Stone Wall |
| 29:56 | Build | Stone Wall |
| 30:02 | Build | Watch Tower |
| 30:09 | Build | Farm |
| 30:12 | Build | Farm |
| 30:12 | Queue | Villager (Male) |
| 30:13 | Queue | Villager (Male) |
| 30:21 | Build | House |
| 30:27 | Build | House |
| 31:01 | Build | Stone Wall |
| 31:10 | Build | Farm |
| 31:12 | Build | Stable |
| 31:14 | Queue | Villager (Male) |
| 31:50 | Queue | Villager (Male) |
| 31:52 | Build | Farm |
| 31:52 | Build | Farm |
| 32:07 | Queue | Scout Cavalry |
| 32:07 | Queue | Scout Cavalry |
| 32:08 | Queue | Scout Cavalry |
| 32:14 | Queue | Villager (Male) |
| 32:30 | Queue | Villager (Male) |
| 32:31 | Research | Forging |
| 32:36 | Build | Farm |
| 32:38 | Build | Farm |
| 33:20 | Build | Mining Camp |
| 33:24 | Queue | Scout Cavalry |
| 33:25 | Queue | Villager (Male) |
| 33:25 | Queue | Villager (Male) |
| 33:36 | Build | House |
| 33:51 | Queue | Scout Cavalry |
| 33:53 | Research | Scale Mail Armor |
Build order — Dodo
First 150 of 264 actions detected
| 0:01 | Queue | Villager (Male) |
| 0:02 | Queue | Villager (Male) |
| 0:02 | Queue | Villager (Male) |
| 0:03 | Build | House |
| 0:05 | Build | House |
| 0:25 | Queue | Villager (Male) |
| 1:24 | Queue | Villager (Male) |
| 1:24 | Queue | Villager (Male) |
| 2:07 | Queue | Villager (Male) |
| 2:07 | Queue | Villager (Male) |
| 2:28 | Queue | Villager (Male) |
| 2:45 | Queue | Villager (Male) |
| 2:45 | Queue | Villager (Male) |
| 3:17 | Queue | Villager (Male) |
| 3:26 | Build | House |
| 3:38 | Queue | Villager (Male) |
| 3:38 | Queue | Villager (Male) |
| 3:39 | Queue | Villager (Male) |
| 3:51 | Build | Lumber Camp |
| 4:40 | Queue | Villager (Male) |
| 5:22 | Queue | Villager (Male) |
| 5:40 | Build | Mill |
| 5:41 | Queue | Villager (Male) |
| 6:08 | Queue | Villager (Male) |
| 6:44 | Research | Feudal Age |
| 7:20 | Build | House |
| 7:36 | Build | Barracks |
| 8:32 | Build | House |
| 8:54 | Age | Feudal Age |
| 8:56 | Queue | Villager (Male) |
| 8:58 | Build | Stable |
| 8:59 | Queue | Villager (Male) |
| 9:26 | Queue | Villager (Male) |
| 9:31 | Research | Double-Bit Axe |
| 9:33 | Research | Loom |
| 9:39 | Queue | Scout Cavalry |
| 9:39 | Queue | Scout Cavalry |
| 9:45 | Build | Archery Range |
| 10:03 | Queue | Scout Cavalry |
| 10:38 | Build | Palisade Gate |
| 10:55 | Queue | Scout Cavalry |
| 10:55 | Queue | Villager (Male) |
| 11:24 | Build | Farm |
| 12:00 | Build | Farm |
| 12:19 | Build | Archery Range |
| 12:25 | Build | House |
| 12:28 | Build | House |
| 12:36 | Queue | Villager (Male) |
| 12:39 | Build | Farm |
| 12:47 | Build | Mill |
| 12:48 | Build | Farm |
| 12:48 | Build | Farm |
| 13:18 | Build | Farm |
| 13:42 | Queue | Skirmisher |
| 13:43 | Queue | Skirmisher |
| 13:47 | Build | Farm |
| 13:48 | Build | Farm |
| 13:48 | Queue | Villager (Male) |
| 14:00 | Build | Farm |
| 14:19 | Queue | Villager (Male) |
| 14:32 | Build | Farm |
| 14:32 | Build | Farm |
| 14:54 | Build | Farm |
| 14:55 | Queue | Villager (Male) |
| 15:49 | Build | Lumber Camp |
| 16:06 | Queue | Villager (Male) |
| 16:13 | Build | Farm |
| 16:19 | Queue | Villager (Male) |
| 16:54 | Queue | Villager (Male) |
| 17:06 | Queue | Villager (Male) |
| 17:25 | Queue | Villager (Male) |
| 17:39 | Build | Palisade Gate |
| 17:42 | Build | House |
| 18:04 | Queue | Villager (Male) |
| 18:15 | Build | House |
| 18:26 | Queue | Villager (Male) |
| 18:43 | Queue | Villager (Male) |
| 18:46 | Build | Farm |
| 18:48 | Build | Farm |
| 18:51 | Build | Farm |
| 19:53 | Queue | Villager (Male) |
| 19:58 | Queue | Villager (Male) |
| 19:58 | Queue | Villager (Male) |
| 20:52 | Build | Market |
| 20:55 | Build | Farm |
| 20:56 | Build | Farm |
| 20:56 | Build | Farm |
| 21:13 | Queue | Villager (Male) |
| 21:55 | Queue | Villager (Male) |
| 21:56 | Queue | Villager (Male) |
| 22:01 | Build | House |
| 22:10 | Build | House |
| 22:15 | Build | Palisade Wall |
| 23:07 | Queue | Villager (Male) |
| 23:08 | Queue | Villager (Male) |
| 23:43 | Queue | Villager (Male) |
| 23:52 | Queue | Villager (Male) |
| 25:03 | Queue | Villager (Male) |
| 25:58 | Research | Castle Age |
| 26:14 | Build | Lumber Camp |
| 27:02 | Build | Mining Camp |
| 27:32 | Queue | Villager (Male) |
| 27:53 | Build | Farm |
| 28:03 | Build | Lumber Camp |
| 28:05 | Queue | Villager (Male) |
| 28:37 | Build | Farm |
| 28:38 | Age | Castle Age |
| 28:48 | Build | Blacksmith |
| 29:17 | Build | Siege Workshop |
| 29:24 | Build | Farm |
| 29:31 | Queue | Villager (Male) |
| 29:42 | Queue | Mangonel |
| 29:48 | Build | Mining Camp |
| 29:49 | Queue | Villager (Male) |
| 29:56 | Queue | Villager (Male) |
| 30:07 | Queue | Mangonel |
| 31:28 | Queue | Mangonel |
| 31:38 | Queue | Villager (Male) |
| 32:36 | Build | Outpost |
| 32:44 | Queue | Villager (Male) |
| 32:45 | Queue | Villager (Male) |
| 33:18 | Queue | Mangonel |
| 33:18 | Queue | Villager (Male) |
| 33:29 | Queue | Villager (Male) |
| 33:35 | Build | Mining Camp |
| 33:43 | Build | Farm |
| 33:58 | Queue | Villager (Male) |
| 34:11 | Queue | Villager (Male) |
| 34:14 | Build | Farm |
| 34:39 | Build | Farm |
| 34:40 | Build | Farm |
| 34:59 | Queue | Spearman |
| 35:00 | Queue | Spearman |
| 35:00 | Queue | Spearman |
| 35:08 | Build | House |
| 35:37 | Build | House |
| 35:43 | Queue | Spearman |
| 36:11 | Queue | Spearman |
| 36:11 | Queue | Villager (Male) |
| 36:12 | Queue | Villager (Male) |
| 36:27 | Queue | Spearman |
| 36:28 | Queue | Spearman |
| 36:29 | Queue | Villager (Male) |
| 36:49 | Build | Farm |
| 36:50 | Build | Farm |
| 36:50 | Build | Farm |
| 36:50 | Build | Farm |
| 36:50 | Build | Farm |
| 37:02 | Queue | Spearman |
| 37:02 | Queue | Spearman |
Match timeline
| 6:37 | nQRLY · first_building Barracks |
| 7:36 | Dodo · first_building Barracks |
| 8:54 | Dodo · age_up feudal |
| 8:58 | Dodo · first_building Stable |
| 9:00 | nQRLY · wall_segment Palisade Wall x1 |
| 9:02 | nQRLY · wall_segment Palisade Wall x1 |
| 9:31 | nQRLY · age_up feudal |
| 9:45 | Dodo · first_building Archery Range |
| 10:30 | nQRLY · wall_segment Palisade Wall x1 |
| 10:31 | nQRLY · wall_segment Palisade Wall x1 |
| 10:35 | nQRLY · wall_segment Palisade Wall x1 |
| 10:37 | nQRLY · wall_segment Palisade Wall x1 |
| 11:26 | nQRLY · wall_segment Palisade Wall x1 |
| 11:27 | nQRLY · wall_segment Palisade Wall x1 |
| 11:33 | nQRLY · wall_segment Palisade Wall x1 |
| 11:35 | nQRLY · wall_segment Palisade Wall x1 |
| 11:36 | nQRLY · wall_segment Palisade Wall x1 |
| 11:38 | nQRLY · wall_segment Palisade Wall x1 |
| 11:39 | nQRLY · wall_segment Palisade Wall x1 |
| 11:42 | nQRLY · wall_segment Palisade Wall x1 |
| 13:29 | nQRLY · wall_segment Palisade Wall x1 |
| 13:31 | nQRLY · wall_segment Palisade Wall x1 |
| 13:36 | nQRLY · wall_segment Palisade Wall x1 |
| 13:38 | nQRLY · wall_segment Palisade Wall x1 |
| 13:41 | nQRLY · wall_segment Palisade Wall x1 |
| 14:35 | nQRLY · wall_segment Palisade Wall x1 |
| 14:36 | nQRLY · wall_segment Palisade Wall x1 |
| 14:38 | nQRLY · wall_segment Palisade Wall x1 |
| 14:40 | nQRLY · wall_segment Palisade Wall x1 |
| 15:35 | nQRLY · wall_segment Palisade Wall x1 |
| 15:38 | nQRLY · wall_segment Palisade Wall x1 |
| 15:41 | nQRLY · wall_segment Palisade Wall x1 |
| 21:11 | nQRLY · first_market_sell 100 wood |
| 21:24 | nQRLY · first_market_buy 100 food |
| 22:15 | Dodo · wall_segment Palisade Wall x1 |
| 24:10 | Dodo · first_market_sell 100 wood |
| 24:14 | Dodo · first_market_buy 100 food |
| 26:10 | nQRLY · wall_segment Palisade Wall x1 |
| 26:11 | nQRLY · wall_segment Palisade Wall x1 |
| 27:41 | nQRLY · wall_segment Palisade Wall x1 |
| 27:44 | nQRLY · wall_segment Palisade Wall x1 |
| 27:46 | nQRLY · wall_segment Palisade Wall x1 |
| 28:38 | Dodo · age_up castle |
| 28:54 | nQRLY · wall_segment Palisade Wall x1 |
| 29:17 | Dodo · first_building Siege Workshop |
| 29:55 | nQRLY · wall_segment Stone Wall x2 |
| 29:56 | nQRLY · wall_segment Stone Wall x1 |
| 31:01 | nQRLY · wall_segment Stone Wall x1 |
| 31:12 | nQRLY · first_building Stable |
| 39:34 | Dodo · wall_segment Palisade Wall x1 |
| 40:55 | nQRLY · first_building Archery Range |
| 41:49 | Dodo · wall_segment Palisade Wall x1 |
| 43:21 | nQRLY · age_up castle |
| 44:08 | Dodo · first_building Krepost |
| 46:23 | nQRLY · first_building Siege Workshop |
| 54:16 | nQRLY · resign |
[ AI ANALYSIS · 1 CREDIT ]
What really happened in this match?
Wolo.gg analyzes every decision: build order, eco, micro, common mistakes by bracket. Personalized analysis on WhatsApp or Discord in 30 seconds.
Civ guide
Teutons
Perfil
Jugador #580336